Match 28063139
Unlisted

Match 28063139
End
Construct Section Command Post
Selects Air and Sea Battlegroup
Dingo Light Scout Car
Dingo Light Scout Car
Vickers Machine Gun Team
Infantry Section
Infantry Section
Selects Supply Surplus
Construct Platoon Command Post
Grenade Package
CMP 15cwt Truck
Construct Resource Cache
Humber Armored Car
Selects Commando Section Paradrop
6-pounder Anti-tank Gun Team
Light Vehicle Training
Unlock Bishop Self-propelled Artillery
Bishop Self-propelled Artillery
Bishop Self-propelled Artillery
Selects Commando LMG Section Paradrop
Commando LMG Section Paradrop
Selects Centaur Medium Tank
Commando LMG Section Paradrop
Centaur Medium Tank
smug_master
Zoro
thundering17
CASTLES
pagep
wowowowoke
mambo
ding
0
0

Comments sign in to comment!

No comments posted yet!